 Dungeon Crawl Stone Soup version 0.16-a0-621-gdc21f72 (webtiles) character file.

526 PolkaDot the Twirler (level 7, -1/49 HPs)
             Began as a Vampire Gladiator on Sept 17, 2014.
             Slain by a hippogriff (2 damage)
             ... on Level 6 of the Dungeon.
             The game lasted 00:07:33 (2977 turns).

PolkaDot the Twirler (Vampire Gladiator)            Turns: 2977, Time: 00:07:34

HP  -1/49        AC  5     Str 19      XL: 7   Next:  2%
MP   8/8         EV 13     Int 10      God:
Gold 238         SH  0     Dex 16      Spells:  0 memorised,  6 levels left

rFire  . . .     SeeInvis +     a - +0 quarterstaff
rCold  . . .     Clarity  .     b - +0 leather armour
rNeg   + . .     rCorr    .     (no shield)
rPois  .         rRot     .     c - +0 helmet
rElec  .         Spirit   .     t - +0 cloak
SustAb .         Warding  +     (no gloves)
rMut   .         Stasis   .     (no boots)
Gourm  .                        j - cursed amulet of warding
MR     .....                    s - ring of invisibility
                                n - ring of stealth

@: mighty, regenerating quickly, not resistant to hostile enchantments,
unstealthy
A: bottle blood, fangs 3, see invisible, unbreathing
a: Bottle Blood, Evoke Invisibility


You were on level 6 of the Dungeon.
You were very full.

You visited 1 branch of the dungeon, and saw 6 of its levels.

You collected 238 gold pieces.

Inventory:

Hand weapons
 a - a +0 quarterstaff (weapon)
Missiles
 d - 2 throwing nets (quivered)
Armour
 b - a +0 leather armour (worn)
 c - a +0 helmet (worn)
 t - a +0 cloak (worn)
Magical devices
 l - a wand of digging (15) {unknown}
 m - a wand of fireball (6) {unknown}
 u - a wand of paralysis (12) {unknown}
 x - a wand of frost (8) {unknown}
Scrolls
 e - 2 scrolls of fog
 h - 3 scrolls of remove curse
 k - 2 scrolls of enchant weapon
 o - a scroll of teleportation {unknown}
 v - a scroll of fear {unknown}
 w - a scroll of identify
Jewellery
 j - a cursed amulet of warding (around neck)
 n - a ring of stealth (left hand)
 s - a ring of invisibility (right hand)
Potions
 g - a potion of restore abilities {unknown}
 i - a potion of magic
 p - a potion of might
 q - a potion of heal wounds {unknown}
 r - a potion of agility {unknown}


   Skills:
 - Level 1.7 Fighting
 * Level 6.5 Staves
 - Level 1.5 Throwing
 - Level 3.5 Dodging
 + Level 1.0 Evocations


You had 6 spell levels left.
You didn't know any spells.

Dungeon Overview and Level Annotations

Branches:
Dungeon (6/15)
 Temple: D:4-7

Altars:
Elyvilon
Kikubaaqudgha
Yredelemnul


Innate Abilities, Weirdness & Mutations

Your natural rate of healing is unusually fast.
You can bottle blood from corpses.
You have razor-sharp teeth.
You have supernaturally acute eyesight.
You can survive without breathing.


Message History

The iguana barely misses you. The hippogriff closely misses you.
The hippogriff pecks you but does no damage.
The hippogriff misses you.
You sock the hippogriff!
The hippogriff is severely wounded.
The iguana bites you.
* * * LOW HITPOINT WARNING * * *
The hippogriff closely misses you. The hippogriff pecks you.
* * * LOW HITPOINT WARNING * * *
The hippogriff barely misses you.
You hit the hippogriff.
The hippogriff is severely wounded.
The iguana barely misses you. The hippogriff barely misses you.
The hippogriff pecks you.
* * * LOW HITPOINT WARNING * * *
The hippogriff completely misses you.
You sock the hippogriff!
The hippogriff is almost dead.
The iguana barely misses you. The hippogriff bites you.
You die...

. .# ####
#################.# ...#
#..........?..>...# ...#
#....####.###...#.#
...###.........l@H.....###
...........###.###...#.....
.######.....#..%##.....# .#
#................# .#
#...#............# .#
#...##...........# .#
#...#............# .#
#................# .#
#+#.###.........+#


You could see a hippogriff and an iguana.

Vanquished Creatures
  Menkaure (D:5)
  The ghost of Foahim the Skirmisher, a weakling DsBe of Trog (D:3)
  A vampire bat (D:2)
  An orc wizard (D:4)
  A quasit (D:6)
  An iguana (D:5)
  3 worker ants
  Ijyb (D:5)
  Terence (D:2)
  5 adders
  A shadow imp (D:5)
  A giant mite (D:3)
  2 worms (D:2)
  An orc skeleton (D:6)
  2 orc zombies (D:5)
  An adder skeleton (D:5)
  2 giant geckos
  An ooze (D:2)
  7 orcs
  6 bats
  5 bat skeletons
  A bat zombie (D:2)
  A giant cockroach (D:1)
  7 hobgoblins
  6 jackals
  9 kobolds
  5 giant newts
  10 goblins
  A kobold zombie (D:6)
  8 rats
93 creatures vanquished.

Vanquished Creatures (others)
  A quokka (D:3)
1 creature vanquished.

Grand Total: 94 creatures vanquished

Notes
Turn   | Place    | Note
--------------------------------------------------------------
     0 | D:1      | PolkaDot, the Vampire Gladiator, began the quest for the Orb.
     0 | D:1      | Reached XP level 1. HP: 16/16 MP: 1/1
    95 | D:1      | Reached XP level 2. HP: 17/22 MP: 2/2
   554 | D:2      | Reached XP level 3. HP: 24/27 MP: 3/3
   688 | D:2      | Noticed Terence
   701 | D:2      | Killed Terence
   751 | D:2      | Reached skill level 4 in Staves
   751 | D:2      | Reached XP level 4. HP: 19/33 MP: 4/4
   997 | D:2      | Found a basalt altar of Yredelemnul.
  1329 | D:2      | Found an ancient bone altar of Kikubaaqudgha.
  1329 | D:2      | Noticed a vampire bat
  1336 | D:2      | Killed a vampire bat
  1417 | D:3      | Noticed Foahim's ghost (weakling DsBe)
  1452 | D:3      | Killed Foahim's ghost
  1452 | D:3      | Reached skill level 5 in Staves
  1452 | D:3      | Reached XP level 5. HP: 13/38 MP: 5/5
  1823 | D:3      | Found a white marble altar of Elyvilon.
  2224 | D:5      | Entered Level 5 of the Dungeon
  2246 | D:5      | Noticed Menkaure
  2263 | D:5      | Killed Menkaure
  2263 | D:5      | Reached skill level 6 in Staves
  2263 | D:5      | Reached XP level 6. HP: 35/44 MP: 6/6
  2474 | D:5      | Noticed Ijyb
  2492 | D:5      | Killed Ijyb
  2946 | D:6      | Noticed a hippogriff
  2956 | D:6      | Reached skill level 1 in Evocations
  2956 | D:6      | Reached XP level 7. HP: 36/49 MP: 6/8
  2976 | D:6      | HP: 1/49 [hippogriff (4)]
  2977 | D:6      | Slain by a hippogriff

Action                   |  1- 3 |  4- 6 |  7- 9 || total
-------------------------+-------+-------+-------++-------
Melee: Quarterstaff      |    91 |   186 |    15 ||   292
Throw: Throwing net      |       |     2 |       ||     2
  Use: Potion            |     1 |     1 |     3 ||     5
       Scroll            |       |     9 |       ||     9
 Stab: Sleeping          |       |     5 |       ||     5
       Held in net/web   |       |     1 |       ||     1
  Eat: Corpse            |    11 |    12 |       ||    23
